 Dungeon Crawl Stone Soup version 0.16.1-7-g2c6721e (webtiles) character file.

56 abixa the Chopper (level 3, 0/30 HPs)
             Began as a Hill Orc Gladiator on Mar 29, 2015.
             Was an Initiate of Ashenzari.
             Killed by nerve-wracking pain
             ... invoked by Jessica
              (13 damage)
             ... on level 3 of the Dungeon.
             The game lasted 00:08:03 (1422 turns).

abixa the Chopper (Hill Orc Gladiator)              Turns: 1422, Time: 00:08:03

Health: 0/30       AC:  9    Str: 17    XL:     3   Next: 97%
Magic:  3/3        EV:  7    Int:  8    God:    Ashenzari [......]
Gold:   61         SH:  0    Dex: 12    Spells: 0 memorised, 2 levels left

rFire  . . .     SeeInvis .     a - +0 war axe (curse)
rCold  . . .     Clarity  .     e - +0 chain mail
rNeg   . . .     SustAb   .     (no shield)
rPois  .         Gourm    .     c - +0 helmet
rElec  .         Spirit   .     (no cloak)
rCorr  .         Warding  .     (no gloves)
rMut   .         Stasis   .     (no boots)
MR     .....                    l - amulet of regeneration (curse)
Stlth  ..........               (no ring)
                                (no ring)

@: confused, not resistant to hostile enchantments, extremely unstealthy
A: no striking features
a: Renounce Religion


You were on level 3 of the Dungeon.
You worshipped Ashenzari.
Ashenzari was noncommittal.
You were not hungry.

You visited 1 branch of the dungeon, and saw 3 of its levels.

You collected 61 gold pieces.

Inventory:

Hand weapons
 a - a cursed +0 war axe (weapon)
 i - a +0 hunting sling
Missiles
 d - 3 throwing nets
 h - 60 stones (quivered)
 j - 16 poisoned needles
 m - 14 sling bullets
 q - 7 silver tomahawks
Armour
 c - a +0 helmet (worn)
 e - a +0 chain mail (worn)
Jewellery
 l - a cursed amulet of regeneration (around neck)
Scrolls
 b - a scroll of curse jewellery
 g - 8 scrolls of identify {unknown}
 k - a scroll of fog {unknown}
 n - a scroll of enchant armour {unknown}
 r - a scroll of amnesia {unknown}
 s - a scroll of immolation {unknown}
 t - a scroll of noise {unknown}
Potions
 o - a potion of flight {unknown}
 p - a potion of cancellation {unknown}
 u - a potion of invisibility {unknown}
Comestibles
 f - a meat ration


   Skills:
 - Level 2.4 Fighting
 + Level 6.2 Axes
 - Level 2.0 Throwing
 - Level 2.4 Dodging


You had 2 spell levels left.
You didn't know any spells.

Dungeon Overview and Level Annotations

Branches:
Dungeon (3/15)

Altars:
Ashenzari
Dithmenos

Annotations:
D:3 Jessica; dxcTest1's ghost, average DsFi


Message History

Jessica zaps a wand.
You resist with significant effort.
Your chain mail prevents you from hitting Jessica.
Jessica hits you but does no damage.
You're too confused to move!
Jessica zaps a wand.
You resist with significant effort.
You bump into the rock wall.
Jessica hits you but does no damage.
You bump into the rock wall.
Jessica points at you and mumbles some strange words.
Pain shoots through your body!
You bump into the rock wall.
Jessica closely misses you.
You hit Jessica but do no damage.
Jessica zaps a wand.
You resist with significant effort.
Jessica zaps a wand.
You resist with significant effort. Jessica casts a spell at you.
Pain shoots through your body!
You die...

... ... ... .
#.# .. #.#
#.## .. .#.#
... ..# #.#.#
#.# #.#.#
##########.#
# #.#.#
#......@@..#
# ##.#.#
#.##########
#.##(...###.#
#.>........<#
####....#####
........#
#####.###
......#
#######


You could see Jessica.

Vanquished Creatures
  An adder (D:2)
  A worm (D:2)
  A giant gecko (D:2)
  An ooze (D:2)
  4 bats
  5 giant cockroaches
  8 goblins
  8 hobgoblins
  3 giant newts
  2 kobolds
  2 quokkas (D:2)
  3 rats
39 creatures vanquished.

Notes
Turn   | Place    | Note
--------------------------------------------------------------
     0 | D:1      | abixa, the Hill Orc Gladiator, began the quest for the Orb.
     0 | D:1      | Reached XP level 1. HP: 18/18 MP: 1/1
   135 | D:1      | Reached XP level 2. HP: 25/25 MP: 2/2
   282 | D:1      | Reached skill level 5 in Axes
   673 | D:2      | Reached XP level 3. HP: 27/30 MP: 3/3
   845 | D:2      | Reached skill level 6 in Axes
  1058 | D:2      | Found a shadowy altar of Dithmenos.
  1229 | D:2      | Found a shattered altar of Ashenzari.
  1237 | D:2      | Became a worshipper of Ashenzari the Shackled
  1278 | D:3      | Noticed dxcTest1's ghost (average DsFi)
  1373 | D:3      | Noticed Jessica
  1422 | D:3      | Killed from afar by Jessica

Action                   || total
-------------------------++-------
Melee: War axe           ||   141
Throw: Stone             ||     6
  Use: Scroll            ||     2
  Eat: Chunk             ||     2
